woodfighter, chaotic female orcish Cavewoman ...-- .@.<. .D... ^ woodfighter the Young Cave Woman Experience level: 8 Strength: 18 Dexterity: 15 Constitution: 18 Intelligence: 8 Wisdom: 10 Charisma: 7 Health: 0(64) Energy: 27(27) Def: 4 Gold: 82 Moves: 3587 Dungeon seed: l9BRCSWDYDYBsw2n Game ID: woodfighter_1475243322 Your Inventory: Coins $ - 82 gold pieces Weapons a - a blessed +1 club (weapon in hand) m - 50 +0 arrows (in quiver) p - a +0 bow (alternate weapon; not wielded) Armor e - an uncursed +0 pair of kicking boots (being worn) f - a cursed +0 dwarvish cloak g - an uncursed +0 dwarvish cloak j - an uncursed +0 dwarvish cloak q - an uncursed +0 leather armor (being worn) r - an uncursed +0 orcish helm (being worn) t - an uncursed +0 dwarvish cloak z - an uncursed +0 dwarvish cloak N - an uncursed +0 dwarvish cloak (being worn) U - a cursed -1 dwarvish cloak Y - an uncursed +0 dwarvish cloak Z - an uncursed +3 dwarvish cloak Comestibles d - 2 uncursed carrots h - an uncursed pancake I - an uncursed lizard corpse R - 2 uncursed cloves of garlic Scrolls Q - an uncursed scroll of fire T - an uncursed scroll of teleportation V - an uncursed scroll of create monster Rings O - a cursed -1 ring of protection Wands o - a wand of striking (0:0) P - a wand of striking (0:8) Tools k - an uncursed towel n - a +0 pick-axe s - an uncursed bag of holding y - an uncursed skeleton key S - 6 uncursed tallow candles (0:200) Contents of the bag of holding: a [blessed] potion of gain energy a [uncursed] potion of invisibility a [uncursed] potion of water Spells and supernatural/magical abilities: Name Level Category Fail Memory W - pray for help -- divine ? -- Your skills at the end: Miscellaneous Skills bare handed combat [Basic] Weapon Skills scimitar [Basic] club [Skilled] sling [Basic] Spellcasting Skills Final Attributes: You were piously aligned. You were poison resistant. You had infravision. You were very stealthy. You were fast. You are dead. Vanquished creatures: 2 small mimics a large cat 2 dwarf kings a human mummy a giant beetle a lizard an orc-captain 2 gnome kings a dust vortex a snake 4 wood nymphs a rock piercer a fog cloud 13 gnome lords 3 gnomish wizards 2 kobold mummies a red naga hatchling a gray ooze a straw golem 2 paper golems a giant ant 11 dwarves 4 jitterbugs 7 monkeys an orc zombie 4 dwarf zombies a wererat 5 hobbits a large kobold 2 geckos a hobgoblin a green mold 43 gnomes 3 jackals a fox a kobold 4 newts 2 goblins 2 sewer rats a grid bug a bat 2 lichens 141 creatures vanquished. Voluntary challenges: You did not adorn yourself with jewelry or accessories. You did not cause conflict. You were not invisible. You did not have reflection. You were not displaced. You used a wielded weapon 256 times, starting on turn 43. You did not apply a unicorn horn. You did not use plumbed fixtures. You did not drink any magical draughts. You were illiterate. You never genocided any monsters. You never polymorphed an object. You never changed form. You used no wishes. You never split a pudding. You never wrote Elbereth's name. You never violated your personal moral code. Dungeon overview: The Dungeons of Doom: levels 1 to 3 Level 1 (water) a fountain a long staircase Level 2 a fountain stairs to The Gnomish Mines Level 3 The Gnomish Mines: levels 3 to 9 Level 3 stairs to The Dungeons of Doom Level 4 Level 5 many shops, a temple to Anu, a magic chest, some fountains, a sink Level 6 Level 7 Level 8 Level 9 <- You were here History has recorded: On T:1 you entered the Dungeons of Doom to retrieve the Amulet of Yendor! On T:201 you reached level 2 of The Dungeons of Doom. On T:285 you advanced to experience level 2. On T:381 you reached level 3 of The Dungeons of Doom. On T:409 you reached level 1 of The Gnomish Mines. On T:442 you advanced to experience level 3. On T:489 you advanced to experience level 4. On T:569 you advanced to experience level 5. On T:654 you reached level 2 of The Gnomish Mines. On T:953 you reached level 3 of The Gnomish Mines. On T:1216 you advanced to experience level 6. On T:1490 you entered the Minetown temple On T:1531 you prayed to Anshar. On T:1570 you opened a magic chest. On T:1845 you advanced to experience level 7. On T:2253 you reached level 4 of The Gnomish Mines. On T:2447 you reached level 5 of The Gnomish Mines. On T:3071 you reached level 6 of The Gnomish Mines. On T:3071 you advanced to experience level 8. On T:3194 you prayed to Anshar. On T:3419 you reached level 7 of The Gnomish Mines. Score breakdown: Gold: 82 ( 8 points) Experience: 8 levels ( 700 points) Exploration: 9 levels ( 240 points) Discoveries: 16 items ( 800 points) Variety of kills: 42 monsters ( 2000 points) Major goal: reached Minetown ( 500 points) Survival: died (score multiplied by 3) Total score: 12744 Latest messages: You hit the human mummy! The human mummy scratches you! (2x) You destroy the human mummy! You see here a mummy wrapping. The orc-captain wields a knife! You hit the orc-captain! (2x) The orc-captain thrusts her knife at the cavewoman. The orc-captain hacks you! The orc-captain thrusts her knife at the cavewoman. The orc-captain stabs you! You kill the orc-captain! You feel more chaotic. $ - 21 gold pieces. There are a few more objects here. Nowhere else around here can be automatically explored. (2x) You finish searching. (2x) The gnome deliberately jumps onto a polymorph trap! You stop exploring. You hit the young gray dragon! The young gray dragon bites! The young gray dragon claws you! (2x) You hit the young gray dragon! The young gray dragon bites! The young gray dragon claws you! (2x) You hit the young gray dragon! (3x) The young gray dragon bites! You die... Final status: Goodbye woodfighter the Cavewoman, killed by a young gray dragon... You died in The Gnomish Mines on dungeon level 9 with 12744 points, and 82 pieces of gold, after 3587 moves. You were level 8 with a maximum of 64 hit points when you died.